 Dungeon Crawl Stone Soup version 0.31-a0-636-ge1c0e020e0 (webtiles) character file.

Game seed: 9882788986081526850

72 rvierbuc the Trooper (level 4, 0/37 HPs)
             Began as a Demonspawn Fighter on Aug 26, 2023.
             Slain by Crazy Yiuf
             ... wielding a +4 quarterstaff of chaos
              (6 damage)
             ... on level 2 of the Dungeon.
             The game lasted 00:08:53 (1370 turns).

rvierbuc the Trooper (Demonspawn Fighter)           Turns: 1370, Time: 00:08:54

Health: 0/37       AC: 10    Str: 19    XL:     4   Next: 7%
Magic:  4/4        EV:  7    Int:  9    God:
Gold:   70         SH:  4    Dex: 12    Spells: 3/3 levels left

rFire   . . .        a - +0 war axe
rCold   . . .        c - +0 buckler
rNeg    . . .        o - +0 chain mail
rPois   .            (no helmet)
rElec   .            (no cloak)
rCorr   .            (no gloves)
SInv    .            (no boots)
Will    .....        p - amulet of the acrobat Stlth
                     (no ring)
HPRegen 0.26/turn    (no ring)
MPRegen 0.09/turn

%: acrobat
@: no status effects
A: sharp scales 1
a: no special abilities


You were on level 2 of the Dungeon.
You visited 1 branch of the dungeon, and saw 2 of its levels.

You collected 70 gold pieces.

Inventory:

Hand Weapons
 a - a +0 war axe (weapon)
Armour
 b - a +0 scale mail
 c - a +0 buckler (worn)
 o - a +0 chain mail (worn)
Jewellery
 f - a ring of flight
 p - an amulet of the acrobat (around neck)
Talismans
 k - a blade talisman
Scrolls
 e - a scroll of amnesia {unknown}
 h - a scroll of identify {unknown}
 m - a scroll of revelation {unknown}
 q - a scroll of summoning {unknown}
 s - a scroll of teleportation {unknown}
 t - a scroll of enchant weapon {unknown}
Potions
 d - a potion of might
 r - a potion of mutation {unknown}


   Skills:
 + Level 3.6 Fighting
 + Level 2.5 Axes
 + Level 3.1 Armour
 + Level 0.8 Dodging
 + Level 3.0 Shields


You had 3 spell levels left.
You didn't know any spells.
Your spell library contained the following spells:

 Spells                   Type           Power      Damage    Failure   Level
 Ensorcelled Hibernation  Hex/Ice        0%         N/A       100%        2
 Passwall                 Tmut/Erth      0%         N/A       100%        2
 Swiftness                Air            0%         N/A       100%        3


Dungeon Overview and Level Annotations

Branches:
Dungeon (2/15)

Altars:

Annotations:
D:2 Crazy Yiuf


Innate Abilities, Weirdness & Mutations

You are partially covered in razor-sharp scales. (AC +1, Slay +1)


Message History

You throw a poisoned dart. The poisoned dart hits Crazy Yiuf.
Crazy Yiuf is poisoned.
Nothing quivered!
Nothing quivered!
Crazy Yiuf laughs, "Mugger water cloud!"
You barely miss Crazy Yiuf.
Crazy Yiuf is lightly wounded.
Crazy Yiuf grits, "Rifle!
Goldfish bush foot."
Crazy Yiuf barely misses you. You block Crazy Yiuf's attack.
You closely miss Crazy Yiuf.
Crazy Yiuf is lightly wounded.
Crazy Yiuf hits you with a +4 quarterstaff of chaos.
Crazy Yiuf burns you.
You slash Crazy Yiuf!
Crazy Yiuf is heavily wounded.
Crazy Yiuf looks more healthy.
You block Crazy Yiuf's attack.
Crazy Yiuf hits you with a +4 quarterstaff of chaos!
You barely miss Crazy Yiuf.
Crazy Yiuf is heavily wounded.
Crazy Yiuf laughs, "Lay chair infinity!"
Crazy Yiuf completely misses you.
You hit Crazy Yiuf.
Crazy Yiuf is severely wounded.
Crazy Yiuf hits you but does no damage.
You barely miss Crazy Yiuf.
Crazy Yiuf is severely wounded.
Crazy Yiuf hits you with a +4 quarterstaff of chaos.
You convulse.
Crazy Yiuf hits you with a +4 quarterstaff of chaos!
* * * LOW HITPOINT WARNING * * *
Crazy Yiuf freezes you.
* * * LOW HITPOINT WARNING * * *
Okay, then.
It was a potion of cancellation.
You feel magically purged. Crazy Yiuf barely misses you.
You hit Crazy Yiuf.
Crazy Yiuf is severely wounded.
Crazy Yiuf cries, "You leg down broken song, no?"
Crazy Yiuf hits you with a +4 quarterstaff of chaos.
You die...

.....................###
.......................####
...#................##....##
...#................####...#
..##................# #...#
..##................# #...#
..##................# #...#
..##............<...#####..###
.#.#............@g.(.(.....).###
.#.#########........########...#
#...# ##.....####### ###.#
)...####..##.## #.#
.#####...###.# #.## #...##.###
#.# ### ♣♣##..# #...##.#####.##
#)..#♣♣ ♣♣.)#..# .#............#
#...'.♣♣♣♣.)....#
.#............#
#...#♣g.♣.g....##


You could see Crazy Yiuf.

Vanquished Creatures
  Terence (D:2)
  A worm (D:2)
  2 dart slugs (D:1)
  3 bats
  5 endoplasms
  2 goblins
  5 hobgoblins
  3 jackals (D:1)
  4 ball pythons
  2 frilled lizards
  5 kobolds
  5 rats
38 creatures vanquished.

Notes
Turn   | Place    | Note
-------+----------+-------------------------------------------
     0 | D:1      | rvierbuc the Demonspawn Fighter began the quest for the
                  | Orb.
     0 | D:1      | Reached XP level 1. HP: 18/18 MP: 1/1
   165 | D:1      | Gained mutation: You are partially covered in razor-sharp
                  | scales. (AC +1, Slay +1) [demonic ancestry]
   165 | D:1      | Reached XP level 2. HP: 16/24 MP: 2/2
   612 | D:2      | Reached XP level 3. HP: 25/29 MP: 3/3
   647 | D:2      | Noticed Terence
   666 | D:2      | Killed Terence
   889 | D:2      | Found a runed translucent door.
   890 | D:2      | Noticed Crazy Yiuf
   993 | D:2      | Reached XP level 4. HP: 37/37 MP: 4/4
  1370 | D:2      | Slain by Crazy Yiuf

Illustrated notes

Levels and vault maps discovered:
D:1:      lightli_arrival_statuegarden, layout_basic, serial_co_window_serial,
          co_window_corner_a, co_window_paths_a, co_window_of_opportunity_a,
          co_window_corner_a, co_window_corner_a, co_window_paths_c,
          co_window_of_opportunity_b, co_window_of_opportunity_b,
          co_window_4corner_a, glass_columns_a, glass_columns_a,
          glass_columns_a, glass_columns_a
D:2:      layout_rooms, nrook_mini_vaults, nicolae_titane, uniq_terence,
          uniq_crazy_yiuf_cottage

Skill      XL: |  1  2  3  4 |
---------------+-------------+-----
Axes           | 2 |  2.5
Armour         | 3 |  3.1
Shields        | 3 |  3.0
Fighting       | |  3.6
Dodging        | |  0.8

Action                     |  1- 3 |  4- 6 || total
---------------------------+-------+-------++-------
  Melee: War axe           |    92 |    19 ||   111
  Throw: Dart              |     3 |     2 ||     5
    Use: Potion            |       |     4 ||     4
 Armour: Scale mail        |    36 |       ||    36
         Chain mail        |    12 |     3 ||    15
  Dodge: Dodged            |    46 |     8 ||    54
  Block: Buckler           |    17 |     4 ||    21

Table legend: (Time is in decaauts)
 A = Elapsed time spent in this place.
 B = Non-inter-level travel time spent in this place.
 C = Inter-level travel time spent in this place.
 D = Time resting spent in this place.
 E = Time spent auto-exploring this place.
 F = Levels seen in this place.
 G = Mean time per level.
                   A        B        C        D        E       F      G
               +--------+--------+--------+--------+--------+-----+--------+
         Total |   1405 |   1385 |     20 |    111 |    911 |   2 |  702.5 |
       Dungeon |   1405 |   1385 |     20 |    111 |    911 |   2 |  702.5 |
               +--------+--------+--------+--------+--------+-----+--------+

Top non-repeatable levels by time:
     D:1: 710 daAuts
     D:2: 695 daAuts
